 Dungeon Crawl Stone Soup version 0.24.0-13-gcf9b3192b9 (webtiles) character file.

Game seed: 17175508897400131386, levelgen mode: deterministic

107 Acheron the Chopper (level 4, 0/40 HPs)
             Began as a Minotaur Berserker on Nov 6, 2019.
             Was a Believer of Trog.
             Succumbed to a worker ant's poison
             ... on level 4 of the Dungeon.
             The game lasted 00:04:15 (700 turns).

Acheron the Chopper (Minotaur Berserker)             Turns: 700, Time: 00:04:16

Health: 0/40       AC:  9    Str: 22    XL:     4   Next: 56%
Magic:  3/3        EV:  6    Int:  5    God:    Trog [**....]
Gold:   20         SH:  8    Dex:  9    Spells: 3/3 levels left

rFire    . . .     SeeInvis .   a - +1 hand axe
rCold    . . .     Gourm    .   e - +0 shield
rNeg     . . .     Faith    .   g - +0 chain mail
rPois    .         Spirit   .   (helmet restricted)
rElec    .         Reflect  .   (no cloak)
rCorr    .         Harm     .   (no gloves)
MR       .....                  (no boots)
Stlth    ..........             (no amulet)
HPRegen  0.13/turn              (no ring)
MPRegen  0.08/turn              (no ring)

@: lethally poisoned (0 -> -12), hasted, very quick
A: retaliatory headbutt, horns 2
a: Berserk, Trog's Hand, Renounce Religion


You were on level 4 of the Dungeon.
You worshipped Trog.
Trog was pleased with you.
You were not hungry.

You visited 1 branch of the dungeon, and saw 4 of its levels.

You collected 20 gold pieces.

Inventory:

Hand Weapons
 a - a +1 hand axe (weapon)
 i - a +0 short sword
Missiles
 h - 38 poisoned darts (quivered)
Armour
 b - a +0 animal skin
 e - a +0 shield (worn)
 g - a +0 chain mail (worn)
Scrolls
 j - a scroll of teleportation
 m - a scroll of magic mapping
 n - a scroll of enchant weapon
 o - a scroll of remove curse
Comestibles
 c - 3 rations
 f - 2 chunks of flesh


   Skills:
 + Level 4.1 Fighting
 + Level 4.3 Axes
 * Level 1.2 Throwing
 * Level 3.0 Armour
 * Level 2.8 Dodging
 * Level 1.0 Stealth
 * Level 1.6 Shields


You had 3 spell levels left.
You didn't know any spells.
Your spell library was empty.

Dungeon Overview and Level Annotations

Branches:
Dungeon (4/15)
 Temple: D:4-7

Altars:


Innate Abilities, Weirdness & Mutations

You reflexively headbutt those who attack you in melee.
You have a pair of horns on your head.


Message History

As you read the scroll labeled REMPO QIRPH, it crumbles to dust.
It is a scroll of amnesia.
You feel forgetful for a moment.
* * * LOW HITPOINT WARNING * * *
You feel sick.
As you read the scroll labeled WAFRATSUXT, it crumbles to dust.
You feel aware of your surroundings.
It was a scroll of magic mapping.
* * * LOW HITPOINT WARNING * * *
You feel sick.
You aren't carrying any potions.
As you read the scroll labeled REOKHLO PESE, it crumbles to dust.
It is a scroll of enchant weapon.
Your +0 hand axe glows red for a moment.
* * * LOW HITPOINT WARNING * * *
You feel sick.
As you read the scroll labeled ZUT WIROPIVE, it crumbles to dust.
It is a scroll of identify.
o - a scroll of remove curse Your surroundings suddenly seem different.
You die...

,****,,****,,********
,****,,****,,*##,,,,**
,>,,,,,,,,,,,,#.,,,,,*
,,,,,,,,,,,,,,#.,,,,,*
,,,,,,,,,,,,,,#$,,,,,*
,,,,,,,,,,,,,,#.,,,,,*
,**,,,,*******#.**,,**
*****+***#..###.##***
,,,,,,,,,.?.....@#
,,,,,,,,,........#
,**,,,,,*#...#..##
,**,,,,,*#..,###*
,**,,,,,*#,,,*
,**,,,,,,,,,,*
,,,,,,,,,,,,,*
,,,,,,,,******
,**,,,,,**,,**


There were no monsters in sight!

Vanquished Creatures
  A hound (D:4)
  2 worker ants (D:4)
  An adder (D:4)
  5 bats
  3 giant cockroaches
  2 hobgoblins
  3 kobolds
  2 frilled lizards (D:1)
  4 rats
23 creatures vanquished.

Notes
Turn   | Place    | Note
-------+----------+-------------------------------------------
     0 | D:1      | Acheron the Minotaur Berserker began the quest for the Orb.
     0 | D:1      | Reached XP level 1. HP: 19/19 MP: 0/0
   270 | D:1      | Reached XP level 2. HP: 27/27 MP: 1/1
   428 | D:3      | Reached ** piety under Trog
   527 | D:4      | Reached skill level 1 in Shields
   527 | D:4      | Reached XP level 3. HP: 31/33 MP: 2/2
   657 | D:4      | Reached skill level 1 in Throwing
   679 | D:4      | Reached XP level 4. HP: 37/40 MP: 3/3
   691 | D:4      | Reached skill level 1 in Stealth
   697 | D:4      | HP: 2/40 [poisoned by a worker ant]
   700 | D:4      | Succumbed to a worker ant's poison

Levels and vault maps discovered:
D:1:      dpeg_arrival_three_smaller_balls, layout_loops_ring
D:2:      layout_loops_ring
D:3:      layout_rooms, makhleb_altar_promises_db, first_ration, feat_on_display
D:4:      layout_gridville

Skill      XL: |  1  2  3  4 |
---------------+-------------+-----
Axes           | 4 |  4.3
Shields        | 1 |  1.6
Fighting       | 4 |  4.1
Throwing       | 1 |  1.2
Armour         | 3 |  3.0
Stealth        | 1 |  1.0
Dodging        | |  2.8

Action                   |  1- 3 |  4- 6 || total
-------------------------+-------+-------++-------
Melee: Hand axe          |    47 |    11 ||    58
       Headbutt          |     7 |     2 ||     9
Throw: Dart              |     6 |       ||     6
  Use: Scroll            |       |     5 ||     5
       Potion            |       |     1 ||     1
 Stab: Sleeping          |     1 |       ||     1
Armor: Animal skin       |     2 |       ||     2
       Chain mail        |    31 |     1 ||    32
Dodge: Dodged            |    20 |     3 ||    23
Block: Shield            |    23 |     4 ||    27
